[Event "December 12 Late 2023"]
[Site "https://www.chess.com"]
[Date "2023.12.12"]
[Round "4"]
[White "Liu, Casper"]
[Black "Demina, Marya"]
[Result "1-0"]
[Board "125"]
[TimeControl "180+1"]
[WhiteFideId "1454153"]
[BlackFideId "4195671"]
[WhiteElo "2440"]
[BlackElo "2149"]
[WhiteTeam "DEN"]
[BlackTeam "RUS"]
[WhiteClock "0:00:55"]
[BlackClock "0:00:00"]

1. f4 c5 2. Nf3 Nc6 3. e3 d5 4. g3 g6 5. Bg2 Bg7 6. O-O Nf6 7. d3 O-O 8. Nc3 Re8 9. Ne5 e6 10. d4 cxd4 11. exd4 Qb6 12. Ne2 Ne4 13. Kh1 f6 14. Nf3 Bd7 15. c3 e5 16. fxe5 fxe5 17. Be3 exd4 18. Nfxd4 Nxd4 19. Bxd4 Bxd4 20. Qxd4 Qxd4 21. Nxd4 Kg7 22. Kg1 Re7 23. Rad1 Rae8 24. Nb3 Bc6 25. Nd4 Bd7 26. Nb3 Bc6 27. Na5 h5 28. Rd4 Kh6 29. Rfd1 Kg7 30. c4 dxc4 31. Nxc6 bxc6 32. Rxc4 Re6 33. Bxe4 Rxe4 34. Rxc6 Re1+ 35. Rxe1 Rxe1+ 36. Kf2 Rb1 37. Rc7+ Kh6 38. Rb7 Rh1 39. h4 a5 40. a3 1-0

[Event "December 12 Late 2023"]
[Site "https://www.chess.com"]
[Date "2023.12.12"]
[Round "4"]
[White "Harrington, Steve"]
[Black "Lopusiewicz, Piotr"]
[Result "0-1"]
[Board "126"]
[TimeControl "180+1"]
[WhiteFideId "2038730"]
[BlackFideId "1116029"]
[WhiteElo "2137"]
[BlackElo "2440"]
[WhiteTeam "USA"]
[BlackTeam "POL"]
[WhiteClock "0:00:00"]
[BlackClock "0:00:10"]

1. e4 e5 2. d4 exd4 3. Nf3 Nc6 4. Nxd4 Nf6 5. Nc3 Bb4 6. Nxc6 bxc6 7. Bd3 O-O 8. O-O d5 9. exd5 cxd5 10. Bg5 c6 11. Qf3 Be7 12. Na4 h6 13. Bf4 Bg4 14. Qe3 Re8 15. Qd2 c5 16. c4 d4 17. Rfe1 Qd7 18. b3 Bf8 19. Re5 Bd6 20. Nxc5 Qc7 21. Rxe8+ Rxe8 22. Bxd6 Qxd6 23. Na4 Qa3 24. Qb2 Qd6 25. h3 Bd7 26. c5 Qf4 27. Qc1 Qc7 28. Nb2 Bc6 29. b4 Bd5 30. Nc4 Nh5 31. a4 Nf4 32. Nd6 Nxd3 33. Nxe8 Qe5 34. Qd2 Nf4 35. Nd6 Qg5 36. f3 Nxh3+ 37. Kf1 Qxd2 38. gxh3 Bxf3 0-1

[Event "December 12 Late 2023"]
[Site "https://www.chess.com"]
[Date "2023.12.12"]
[Round "4"]
[White "Buchenau, Frank"]
[Black "Sailer, Mike"]
[Result "1-0"]
[Board "127"]
[TimeControl "180+1"]
[WhiteFideId "4604350"]
[BlackFideId "2012901"]
[WhiteElo "2424"]
[BlackElo "2102"]
[WhiteTeam "GER"]
[BlackTeam "USA"]
[WhiteClock "0:00:33"]
[BlackClock "0:00:59"]

1. e4 d5 2. exd5 Qxd5 3. Nc3 Qd6 4. d4 c6 5. Nf3 Bg4 6. Be2 e6 7. Ne4 Qc7 8. Ng3 Nf6 9. h3 Bxf3 10. Bxf3 Bd6 11. O-O Bxg3 12. fxg3 Qxg3 13. Bf4 Qg6 14. Bd6 Nbd7 15. c4 Nb6 16. Qb3 Ne4 17. Bxe4 Qxe4 18. Rad1 O-O-O 19. c5 Nd5 20. Rxf7 Rxd6 21. Qxb7+ Kd8 22. Qb8# 1-0

[Event "December 12 Late 2023"]
[Site "https://www.chess.com"]
[Date "2023.12.12"]
[Round "4"]
[White "Novikova, Margarita"]
[Black "Sari, Yasin"]
[Result "0-1"]
[Board "128"]
[TimeControl "180+1"]
[WhiteFideId "14109689"]
[BlackFideId "6320902"]
[WhiteElo "2129"]
[BlackElo "2420"]
[WhiteTeam "GER"]
[BlackTeam "TUR"]
[WhiteClock "0:00:02"]
[BlackClock "0:00:15"]

1. e4 e5 2. Nf3 Nc6 3. Bc4 Nf6 4. d3 h6 5. a3 d6 6. h3 g6 7. O-O Bg7 8. c3 O-O 9. Re1 d5 10. Bb5 dxe4 11. Bxc6 bxc6 12. Nxe5 exd3 13. Nxc6 Qd6 14. Nd4 Bb7 15. Re3 c5 16. Nb5 Qc6 17. Qf3 Qxb5 18. Qg3 c4 19. Re5 Qc6 20. f3 Rfe8 21. Rxe8+ Rxe8 22. Nd2 Nh5 23. Qf2 Nf4 24. Ne4 Ne2+ 25. Kh1 Rxe4 26. fxe4 Qxe4 27. Be3 Be5 28. Rf1 Ng3+ 29. Kg1 Nxf1 30. Kxf1 Qf5 31. Bxh6 Qxf2+ 32. Kxf2 f6 33. Be3 a6 34. g4 Kf7 35. h4 Ke6 36. h5 gxh5 37. gxh5 f5 38. h6 f4 39. Bd2 Be4 40. a4 Kf6 41. a5 Kg5 42. h7 Bxh7 43. Kf3 Bf5 44. b4 cxb3 45. Bc1 Bxc3 46. Bxf4+ Kg6 47. Bc1 d2 48. Bxd2 Bxd2 49. Ke2 Bxa5 0-1

[Event "December 12 Late 2023"]
[Site "https://www.chess.com"]
[Date "2023.12.12"]
[Round "4"]
[White "Avila Rodriguez, Joshua Ad"]
[Black "Oliveira, Tiago Batista"]
[Result "1-0"]
[Board "129"]
[TimeControl "180+1"]
[WhiteFideId "5126444"]
[BlackFideId "2108291"]
[WhiteElo "2414"]
[BlackElo "2093"]
[WhiteTeam "MEX"]
[BlackTeam "BRA"]
[WhiteClock "0:00:02"]
[BlackClock "0:00:00"]

1. e4 e5 2. Nf3 Nc6 3. Bb5 a6 4. Ba4 Nf6 5. O-O Nxe4 6. d4 b5 7. Bb3 d5 8. dxe5 Be6 9. c3 Bc5 10. Nbd2 O-O 11. Bc2 Bf5 12. Nb3 Bg6 13. Bxe4 dxe4 14. Nxc5 Qxd1 15. Rxd1 exf3 16. Bf4 Rfe8 17. Rd5 fxg2 18. Rad1 Ne7 19. Rd7 c6 20. R7d6 Bh5 21. R1d3 Ng6 22. Bg3 h6 23. Kxg2 Nxe5 24. Bxe5 Rxe5 25. Rxc6 Be2 26. Rg3 Rd8 27. Nxa6 Rd1 28. Nb4 Rf5 29. Re3 Bf1+ 30. Kg3 Rg5+ 31. Kf4 Bg2 32. h4 Bxc6 33. hxg5 hxg5+ 34. Kxg5 Bd7 35. Rd3 Rg1+ 36. Kf4 Be6 37. Ke3 Rg4 38. Rd4 Rg1 39. Kd2 Rb1 40. Kc2 Rf1 41. Rf4 g5 42. Rf3 Kg7 43. Nd3 Kg6 44. Ne5+ Kg7 45. a3 f5 46. Nd3 f4 47. Nc5 Bf5+ 48. Kb3 Rb1 49. a4 bxa4+ 50. Nxa4 Kg6 51. c4 Be4 52. Rc3 Rf1 53. c5 Bc6 54. f3 Rxf3 55. Nb6 Rxc3+ 56. Kxc3 f3 57. Kd2 g4 58. Ke1 g3 59. Kf1 f2 60. b3 Bb5+ 61. Nc4 Bc6 62. Ne3 Kg5 63. Nc4 1-0

[Event "December 12 Late 2023"]
[Site "https://www.chess.com"]
[Date "2023.12.12"]
[Round "4"]
[White "Melikhov, Evgeny V."]
[Black "De Souza, Arthur Olintho"]
[Result "1-0"]
[Board "130"]
[TimeControl "180+1"]
[WhiteFideId "4122046"]
[BlackFideId "2116200"]
[WhiteElo "2413"]
[BlackElo "2056"]
[WhiteTeam "GRE"]
[BlackTeam "BRA"]
[WhiteClock "0:01:19"]
[BlackClock "0:00:06"]

1. d4 Nf6 2. c4 c5 3. d5 b5 4. cxb5 a6 5. b6 Qxb6 6. Nc3 g6 7. a4 a5 8. e4 Bg7 9. Bb5 O-O 10. Nf3 d6 11. Nd2 Ba6 12. Nc4 Qc7 13. Bd2 Nbd7 14. O-O Nb6 15. b3 Nxc4 16. bxc4 Nd7 17. Ra3 Ne5 18. Qe2 f5 19. exf5 Rxf5 20. Ne4 Bxb5 21. axb5 a4 22. Ng5 Bh6 23. Ne6 Qd7 24. Bxh6 Ng4 25. Qxg4 1-0

[Event "December 12 Late 2023"]
[Site "https://www.chess.com"]
[Date "2023.12.12"]
[Round "4"]
[White "Zakarian, David"]
[Black "Desideri, Ricardo Maruchi"]
[Result "1-0"]
[Board "131"]
[TimeControl "180+1"]
[WhiteFideId "13301276"]
[BlackFideId "2110440"]
[WhiteElo "2404"]
[BlackElo "2020"]
[WhiteTeam "ARM"]
[BlackTeam "BRA"]
[WhiteClock "0:01:12"]
[BlackClock "0:00:00"]

1. d4 Nf6 2. c4 c5 3. d5 e6 4. Nc3 exd5 5. cxd5 d6 6. Nf3 g6 7. Bf4 a6 8. a4 Bg7 9. h3 O-O 10. e3 Re8 11. Be2 Nbd7 12. O-O Ne4 13. Nxe4 Rxe4 14. Qc2 Rxf4 15. exf4 Nf6 16. Rfd1 Qe7 17. Bd3 Nh5 18. f5 Nf4 19. fxg6 hxg6 20. Re1 Qd8 21. Re4 Nxd3 22. Qxd3 Bf5 23. Rb1 Qf6 24. b3 Bh6 25. Rbe1 Kg7 26. Qc4 Bxe4 27. Rxe4 Rb8 28. a5 b5 29. axb6 Rxb6 30. Re8 Rb4 31. Qxa6 Qa1+ 32. Qxa1+ 1-0

[Event "December 12 Late 2023"]
[Site "https://www.chess.com"]
[Date "2023.12.12"]
[Round "4"]
[White "Esmeraldas Huachi, Anderson"]
[Black "Reinecke, Katharina"]
[Result "1-0"]
[Board "132"]
[TimeControl "180+1"]
[WhiteFideId "3616363"]
[BlackFideId "12929727"]
[WhiteElo "2402"]
[BlackElo "2010"]
[WhiteTeam "ECU"]
[BlackTeam "GER"]
[WhiteClock "0:01:51"]
[BlackClock "0:00:10"]

1. d4 d5 2. c4 c6 3. cxd5 cxd5 4. Nc3 Nf6 5. Nf3 e6 6. Bf4 Bd6 7. Bxd6 Qxd6 8. Rc1 Bd7 9. e3 a6 10. Bd3 O-O 11. O-O b5 12. a3 Nc6 13. b4 Rac8 14. Nd2 e5 15. dxe5 Nxe5 16. Nb3 Nc4 17. Bxc4 bxc4 18. Nc5 Be6 19. Qd4 Rfd8 20. h3 Qc6 21. Rfd1 a5 22. Rb1 axb4 23. axb4 h6 24. N3a4 Ne4 25. b5 Qc7 26. Nxe4 dxe4 27. Qxe4 c3 28. b6 Rxd1+ 29. Rxd1 c2 30. Rc1 Qc4 31. Qxc4 Rxc4 32. b7 Rb4 33. Rxc2 Rxb7 34. Nc5 Rb1+ 35. Kh2 Bd5 36. e4 Be6 37. f3 Kf8 38. Nd3 Rb7 39. Kg3 Ke7 40. h4 f6 41. Nf4 Bf7 42. Rc6 Rd7 43. h5 Rb7 44. Ng6+ Bxg6 45. hxg6 Rd7 46. Kg4 Rb7 47. g3 Rd7 48. f4 Rb7 49. Kf5 Kd7 50. Ra6 Ke7 51. g4 Rb5+ 52. e5 fxe5 53. fxe5 Rb7 54. Re6+ Kf8 55. Ra6 Ke7 56. Ra8 Rc7 57. Rg8 Kd7 58. Rxg7+ Kc6 59. Rxc7+ Kxc7 60. g7 1-0

[Event "December 12 Late 2023"]
[Site "https://www.chess.com"]
[Date "2023.12.12"]
[Round "4"]
[White "Dubreuil, Julien"]
[Black "Kleiman, Jake"]
[Result "0-1"]
[Board "133"]
[TimeControl "180+1"]
[WhiteFideId "621285"]
[BlackFideId "2020041"]
[WhiteElo "2311"]
[BlackElo "2620"]
[WhiteTeam "FRA"]
[BlackTeam "USA"]
[WhiteClock "0:00:06"]
[BlackClock "0:00:49"]

1. a3 d5 2. Nf3 c6 3. g3 Bg4 4. Bg2 Nd7 5. O-O Ngf6 6. d3 e5 7. c4 dxc4 8. dxc4 Qc7 9. b4 a5 10. b5 Bc5 11. Bb2 O-O 12. Nbd2 e4 13. Nd4 Rfe8 14. N2b3 Ba7 15. bxc6 bxc6 16. a4 Rab8 17. Qc2 Nc5 18. Bc3 Bb6 19. Rfb1 Nfd7 20. Kh1 Nxb3 21. Rxb3 Bc5 22. Rab1 Rxb3 23. Qxb3 Bxd4 24. Bxd4 Bxe2 25. Re1 Bg4 26. Rxe4 Rxe4 27. Bxe4 Be6 28. Qc3 f6 29. Qd3 h6 30. Bh7+ Kf8 31. Be4 Qd6 32. h4 Ke7 33. Qe3 Qb4 34. Bf5 Qxc4 35. Qa3+ Kf7 36. Bxe6+ Qxe6 37. Qc3 c5 38. Be3 Qe4+ 39. Kh2 Qxa4 40. Qd3 Qc6 41. Qc4+ Ke7 42. Bf4 a4 43. Qg8 g5 44. Qg7+ Ke6 45. Be3 gxh4 46. Qxh6 hxg3+ 47. Kxg3 Qe4 48. Qh3+ Qf5 49. Qg2 Qg6+ 50. Kf3 Qxg2+ 51. Kxg2 Kd5 52. Bc1 Kc4 53. Bb2 Kb3 0-1

[Event "December 12 Late 2023"]
[Site "https://www.chess.com"]
[Date "2023.12.12"]
[Round "4"]
[White "Kappeler, Kaspar"]
[Black "Narva, Mai"]
[Result "1/2-1/2"]
[Board "134"]
[TimeControl "180+1"]
[WhiteFideId "1309072"]
[BlackFideId "4500512"]
[WhiteElo "2307"]
[BlackElo "2547"]
[WhiteTeam "SUI"]
[BlackTeam "EST"]
[WhiteClock "0:00:03"]
[BlackClock "0:00:11"]

1. c4 g6 2. Nf3 Bg7 3. g3 c5 4. Bg2 Nc6 5. O-O e5 6. Nc3 Nge7 7. d3 O-O 8. Rb1 d6 9. a3 a5 10. Bd2 Be6 11. Ng5 Bg4 12. h3 Bd7 13. Nb5 Nc8 14. Ne4 Bf5 15. b4 axb4 16. axb4 cxb4 17. Bxb4 Nxb4 18. Rxb4 Qd7 19. Nec3 Bxh3 20. Bxh3 Qxh3 21. Nc7 Rb8 22. Qb3 Ne7 23. Rxb7 Rxb7 24. Qxb7 Nf5 25. Qg2 Qh6 26. Ne4 Nd4 27. f3 Rd8 28. Kf2 f5 29. Rh1 fxe4 30. Rxh6 exf3 31. Qh3 fxe2 32. Ne6 Bxh6 33. Qxh6 Nxe6 34. Kxe2 Rf8 35. Qh3 Nd4+ 36. Kd2 Rf6 37. Kc3 h5 38. Kb4 Nf5 39. g4 hxg4 40. Qxg4 Kg7 41. Kb5 Nd4+ 42. Kb6 Ne6 43. Kc6 Nc5 44. Kc7 Rf4 45. Qh3 Rf6 46. Qg3 Re6 47. Qe3 Rf6 48. Qg3 Kf7 49. Qh3 Kg7 50. Qg3 1/2-1/2

[Event "December 12 Late 2023"]
[Site "https://www.chess.com"]
[Date "2023.12.12"]
[Round "4"]
[White "Disconzi da Silva, Rodrigo"]
[Black "Hernandez Jimenez, Alexander Andres"]
[Result "1/2-1/2"]
[Board "135"]
[TimeControl "180+1"]
[WhiteFideId "2100991"]
[BlackFideId "3900452"]
[WhiteElo "2461"]
[BlackElo "2304"]
[WhiteTeam "BRA"]
[BlackTeam "VEN"]
[WhiteClock "0:00:05"]
[BlackClock "0:00:03"]

1. d4 Nf6 2. c4 e6 3. Nc3 Bb4 4. Nf3 c5 5. Bg5 cxd4 6. Nxd4 Bxc3+ 7. bxc3 Qa5 8. Bd2 Ne4 9. f3 Nxd2 10. Qxd2 Nc6 11. e4 b6 12. Be2 Ba6 13. Nb5 Bxb5 14. cxb5 Ne5 15. Qd4 Ng6 16. O-O O-O 17. Rfd1 Rfc8 18. c4 Rc7 19. g3 Rac8 20. f4 Nf8 21. e5 Rc5 22. Kg2 R8c7 23. a3 Ng6 24. Rdb1 Ne7 25. g4 h5 26. h3 Qa4 27. Ra2 Rxc4 28. Bxc4 Rxc4 29. Qd1 Rxf4 30. Qxa4 Rxa4 31. Rb4 Ra5 32. a4 hxg4 33. hxg4 Nd5 34. Rd4 a6 35. bxa6 Rxa6 36. Kf3 Kf8 37. Rb2 f6 38. exf6 gxf6 39. Rh2 Ke7 40. Rb2 Kd6 41. Rb3 Ra5 42. Ke4 Rc5 43. Rb5 Rxb5 44. axb5 Kc5 45. Rd1 Kxb5 46. Rc1 Ka4 47. Kd4 b5 48. Kc5 b4 49. Kc4 Ka3 50. Ra1+ Kb2 51. Rg1 Ka2 52. Rg2+ Ka3 53. Rg3+ Ka4 54. Rg1 Ka5 55. Ra1+ Kb6 56. Rf1 Kc6 57. Rd1 Kd6 58. Rd2 Ke5 59. Re2+ Kf4 60. Rg2 Kf3 61. Rg1 Ne3+ 62. Kxb4 Nxg4 63. Rd1 d5 64. Kc5 Ke4 65. Re1+ Kf5 66. Rf1+ Ke5 67. Re1+ Kf5 68. Rf1+ Kg5 69. Kd6 Ne3 70. Rg1+ Kf5 71. Rg3 d4 72. Kc5 e5 73. Rf3+ Ke4 74. Rxf6 d3 75. Rd6 Nf5 76. Rd7 Ng3 77. Kc4 Ne2 78. Rxd3 Nd4 79. Rd1 Kf4 80. Re1 Nf5 81. Kd3 Nd6 82. Rxe5 Kxe5 1/2-1/2

[Event "December 12 Late 2023"]
[Site "https://www.chess.com"]
[Date "2023.12.12"]
[Round "4"]
[White "De Souza, Cristiano Gomes"]
[Black "Nilsson, Joakim"]
[Result "1-0"]
[Board "136"]
[TimeControl "180+1"]
[WhiteFideId "2151758"]
[BlackFideId "1723383"]
[WhiteElo "2226"]
[BlackElo "2438"]
[WhiteTeam "BRA"]
[BlackTeam "SWE"]
[WhiteClock "0:01:04"]
[BlackClock "0:00:21"]

1. d4 c6 2. Nf3 Nf6 3. c4 g6 4. Nc3 Bg7 5. Bf4 O-O 6. e3 b5 7. cxb5 cxb5 8. Bxb5 Qa5 9. O-O Bb7 10. Rc1 Nc6 11. Be2 Rfc8 12. a3 d6 13. h3 Qd8 14. Nd2 Na5 15. b4 Nc6 16. Bf3 e5 17. dxe5 dxe5 18. Bg3 Qe7 19. Nde4 Rd8 20. Qb3 Rac8 21. Nxf6+ Qxf6 22. Nd5 Qd6 23. Rfd1 Kh8 24. Nb6 axb6 25. Rxd6 Rxd6 26. Qxf7 Ba8 27. b5 Rf6 28. Qc4 Ne7 29. Qxc8+ Nxc8 30. Rxc8+ Bf8 31. Bxe5 1-0

[Event "December 12 Late 2023"]
[Site "https://www.chess.com"]
[Date "2023.12.12"]
[Round "4"]
[White "Topalov, Aleksandar"]
[Black "Ghosh, Chanchal Kumer"]
[Result "0-1"]
[Board "137"]
[TimeControl "180+1"]
[WhiteFideId "925659"]
[BlackFideId "10201858"]
[WhiteElo "2389"]
[BlackElo "2080"]
[WhiteTeam "SRB"]
[BlackTeam "BAN"]
[WhiteClock "0:01:52"]
[BlackClock "0:00:31"]

1. b3 d5 2. Bb2 e6 3. Nf3 Nf6 4. e3 c5 5. d4 cxd4 6. exd4 Be7 7. Nbd2 O-O 8. Bd3 h6 9. a3 Nbd7 10. O-O a6 11. Re1 b5 12. Qe2 Bb7 13. Ne5 Rc8 14. f4 Qc7 15. Rac1 Bd6 16. g4 Nb6 17. g5 hxg5 18. fxg5 Bxe5 19. dxe5 Ne4 20. Nxe4 dxe4 21. Bxe4 Bxe4 22. Qe3 Bb7 23. Qe4 Bxe4 0-1

[Event "December 12 Late 2023"]
[Site "https://www.chess.com"]
[Date "2023.12.12"]
[Round "4"]
[White "Stead, Kerry"]
[Black "Zampronha, Wladimir Camilo"]
[Result "1-0"]
[Board "138"]
[TimeControl "180+1"]
[WhiteFideId "3202577"]
[BlackFideId "2103087"]
[WhiteElo "2064"]
[BlackElo "2363"]
[WhiteTeam "AUS"]
[BlackTeam "BRA"]
[WhiteClock "0:00:39"]
[BlackClock "0:00:32"]

1. d4 Nf6 2. f3 d5 3. e4 dxe4 4. Nc3 Bf5 5. fxe4 Nxe4 6. Qf3 Nxc3 7. bxc3 Qc8 8. Bc4 e6 9. h4 h5 10. Nh3 Nd7 11. Ng5 Nf6 12. Nxf7 Bg4 13. Nxh8 Bxf3 14. gxf3 Bd6 15. Ng6 Kf7 16. Ne5+ Bxe5 17. dxe5 Nd5 18. Bd2 c6 19. Rg1 Qd8 20. Bd3 Qxh4+ 21. Kf1 Qh3+ 22. Kf2 Qh4+ 23. Rg3 Nf4 24. Rg1 Rg8 25. Kf1 g5 26. Be4 a5 27. a4 Nh3 28. R1g2 g4 29. f4 Qd8 30. Rd3 Qb6 31. Be1 Re8 32. Bh4 Kg7 33. Rd7+ Kh6 34. Rh7# 1-0

[Event "December 12 Late 2023"]
[Site "https://www.chess.com"]
[Date "2023.12.12"]
[Round "4"]
[White "Gonzalez Zharikov, Andrey"]
[Black "Yang, Kevin"]
[Result "1-0"]
[Board "139"]
[TimeControl "180+1"]
[WhiteFideId "5145287"]
[BlackFideId "30908485"]
[WhiteElo "2277"]
[BlackElo "2574"]
[WhiteTeam "MEX"]
[BlackTeam "USA"]
[WhiteClock "0:00:10"]
[BlackClock "0:00:10"]

1. e4 e6 2. d4 d5 3. Nc3 c5 4. exd5 exd5 5. dxc5 d4 6. Ne4 Bxc5 7. Nxc5 Qa5+ 8. c3 Qxc5 9. Qxd4 Qxd4 10. cxd4 Nf6 11. Bb5+ Bd7 12. Bxd7+ Nbxd7 13. Nf3 O-O-O 14. O-O h6 15. Bf4 Nb6 16. Rac1+ Kd7 17. Rc7+ Ke8 18. Re1+ Kf8 19. Rxb7 Nbd5 20. Bc7 Rc8 21. Bd6+ Kg8 22. Bc5 a5 23. Ne5 Kh7 24. Nxf7 Rhe8 25. Rxe8 Rxe8 26. Kf1 Ne4 27. f3 Ne3+ 28. Kg1 Nxc5 29. dxc5 Nd1 30. h3 Re1+ 31. Kh2 Re2 32. c6 Ne3 33. c7 Rxg2+ 34. Kh1 Rc2 35. Nd6 Rc1+ 36. Kh2 Rc2+ 37. Kg3 Nf1+ 38. Kf4 g5+ 39. Ke5 Re2+ 40. Kf6 1-0

[Event "December 12 Late 2023"]
[Site "https://www.chess.com"]
[Date "2023.12.12"]
[Round "4"]
[White "Rees, Ioan"]
[Black "Minina, Veronika"]
[Result "1-0"]
[Board "140"]
[TimeControl "180+1"]
[WhiteFideId "1801236"]
[BlackFideId "4174780"]
[WhiteElo "2526"]
[BlackElo "2250"]
[WhiteTeam "WLS"]
[BlackTeam "RUS"]
[WhiteClock "0:00:49"]
[BlackClock "0:00:04"]

1. e4 c5 2. c3 Nf6 3. e5 Nd5 4. Nf3 d6 5. Bc4 Nb6 6. Bb3 Nc6 7. exd6 Qxd6 8. O-O g6 9. Na3 a6 10. Re1 Bg7 11. d3 O-O 12. Bg5 e6 13. Bh4 Ne5 14. Bg3 Nxf3+ 15. Qxf3 Qd7 16. Rad1 Nd5 17. Nc4 b5 18. Ne5 Qb7 19. h4 h5 20. d4 c4 21. Bc2 Nf6 22. Qe2 Qd5 23. f3 Bb7 24. Bf4 Qd8 25. Bg5 Qa5 26. a3 Rfe8 27. Bxf6 Bxf6 28. Be4 Qc7 29. Bxb7 Qxb7 30. Qe4 Qxe4 31. Rxe4 Red8 32. Kh2 Rd5 33. Rde1 Rad8 34. Nc6 Rc8 35. Nb4 Rd6 36. Kh3 a5 37. Nc2 Rb8 38. g4 hxg4+ 39. fxg4 Kg7 40. Rf1 Rh8 41. Ref4 Bxh4 42. Rxf7+ Kg8 43. Rf8+ Kg7 44. Rxh8 Kxh8 45. Kxh4 b4 46. axb4 axb4 47. Nxb4 1-0

[Event "December 12 Late 2023"]
[Site "https://www.chess.com"]
[Date "2023.12.12"]
[Round "4"]
[White "youngdinousaur"]
[Black "Omariev, Maksim"]
[Result "1-0"]
[Board "141"]
[TimeControl "180+1"]
[BlackFideId "4193423"]
[WhiteElo "2242"]
[BlackElo "2486"]
[BlackTeam "RUS"]
[WhiteClock "0:02:42"]
[BlackClock "0:00:00"]

1. d4 h5 2. Nf3 h4 3. h3 e6 4. e4 d5 5. e5 c5 6. c3 Nc6 7. Bd3 Qb6 8. O-O Bd7 9. Nbd2 cxd4 10. cxd4 Nxd4 11. Nxd4 Qxd4 12. Nf3 Qb6 13. a3 Ne7 14. b4 Nc6 15. Bb2 1-0

[Event "December 12 Late 2023"]
[Site "https://www.chess.com"]
[Date "2023.12.12"]
[Round "4"]
[White "Sultanbek, Zeinep"]
[Black "Kraiouchkine, Nikita"]
[Result "1-0"]
[Board "142"]
[TimeControl "180+1"]
[WhiteFideId "13710419"]
[BlackFideId "2607140"]
[WhiteElo "2234"]
[BlackElo "2472"]
[WhiteTeam "KAZ"]
[BlackTeam "CAN"]
[WhiteClock "0:00:42"]
[BlackClock "0:00:27"]

1. d4 d5 2. c4 e6 3. Nf3 Nf6 4. g3 b6 5. cxd5 Nxd5 6. Bg2 Bb7 7. O-O Be7 8. a3 O-O 9. Qc2 Nd7 10. e4 N5f6 11. Nc3 c5 12. Rd1 Rc8 13. d5 exd5 14. exd5 Bd6 15. Bg5 h6 16. Ne4 Bb8 17. Bh4 Re8 18. Nxf6+ Nxf6 19. Qf5 g5 20. Nxg5 hxg5 21. Bxg5 Kg7 22. d6 Bxg2 23. d7 Re6 24. Bxf6+ Rxf6 25. dxc8=Q 1-0

[Event "December 12 Late 2023"]
[Site "https://www.chess.com"]
[Date "2023.12.12"]
[Round "4"]
[White "Dilmukhametov, Artur"]
[Black "Wang, Alexander J"]
[Result "0-1"]
[Board "143"]
[TimeControl "180+1"]
[WhiteFideId "24179922"]
[BlackFideId "30955270"]
[WhiteElo "2402"]
[BlackElo "2206"]
[WhiteTeam "RUS"]
[BlackTeam "USA"]
[WhiteClock "0:00:00"]
[BlackClock "0:00:08"]

1. e4 c5 2. d4 cxd4 3. c3 dxc3 4. Nxc3 Nc6 5. Nf3 d6 6. Bc4 g6 7. O-O e6 8. Qe2 Bg7 9. Rd1 Nge7 10. Bf4 e5 11. Bg3 O-O 12. h3 Be6 13. Nb5 Nc8 14. Rac1 a6 15. Nc3 Bxc4 16. Qxc4 N8e7 17. Qb3 Qc7 18. Nd5 Qa5 19. Nxe7+ Nxe7 20. Qxb7 Rfe8 21. Rxd6 Rab8 22. Qd7 Rbd8 23. Qxd8 Rxd8 0-1

[Event "December 12 Late 2023"]
[Site "https://www.chess.com"]
[Date "2023.12.12"]
[Round "4"]
[White "Hoffmann, Asa"]
[Black "Floresvillar Gonzalez, Luis Migu"]
[Result "1/2-1/2"]
[Board "144"]
[TimeControl "180+1"]
[WhiteFideId "2001470"]
[BlackFideId "5100542"]
[WhiteElo "2383"]
[BlackElo "2203"]
[WhiteTeam "USA"]
[BlackTeam "MEX"]
[WhiteClock "0:01:05"]
[BlackClock "0:00:30"]

1. d4 d5 2. Bg5 Bf5 3. c4 c6 4. Nc3 h6 5. Bh4 Qb6 6. Qd2 g5 7. Bg3 Bg7 8. e3 e6 9. Nf3 Nd7 10. Be2 dxc4 11. Bxc4 Ne7 12. O-O O-O 13. Bb3 Nd5 14. e4 Nxc3 15. exf5 Ne4 16. Qe1 Nxg3 17. fxe6 Nxf1 18. exd7 Nxh2 19. Kxh2 Qc7+ 20. g3 Qxd7 21. Rd1 Rad8 22. Ne5 Bxe5 23. dxe5 Qe7 24. f4 Rxd1 25. Qxd1 Rd8 26. Qh5 Rd2+ 27. Kh1 Rxb2 28. Qxh6 Rxb3 29. axb3 gxf4 30. gxf4 Qe6 31. Qg5+ Qg6 32. Qd8+ Kg7 33. Kh2 b5 34. Qd4 Qh6+ 35. Kg3 Qe6 36. b4 Qb3+ 37. Kh4 Qd5 38. Qg1+ Kf8 39. Qxa7 Qh1+ 40. Kg4 Qg2+ 41. Kh4 Qh2+ 42. Kg4 Qg2+ 43. Kh4 Qh2+ 44. Kg4 Qg2+ 1/2-1/2

[Event "December 12 Late 2023"]
[Site "https://www.chess.com"]
[Date "2023.12.12"]
[Round "4"]
[White "Curtis, John"]
[Black "Rios Escobar, Adan"]
[Result "0-1"]
[Board "145"]
[TimeControl "180+1"]
[WhiteFideId "3200256"]
[BlackFideId "3403645"]
[WhiteElo "2195"]
[BlackElo "2381"]
[WhiteTeam "AUS"]
[BlackTeam "CHI"]
[WhiteClock "0:00:22"]
[BlackClock "0:00:06"]

1. e4 c6 2. f4 d5 3. e5 h5 4. c4 Bg4 5. Qb3 Qb6 6. Qxb6 axb6 7. cxd5 cxd5 8. Nc3 e6 9. Nb5 Ra5 10. h3 Bf5 11. Nd4 Nh6 12. d3 Bb4+ 13. Kf2 Bc5 14. Nf3 Nc6 15. Be3 O-O 16. a3 Rfa8 17. Rc1 Bxd4 18. Bxd4 Nxd4 19. Nxd4 Rc5 20. Be2 Rac8 21. Nb3 R5c6 22. Ke3 h4 23. Kd2 Bg6 24. Rc3 Nf5 25. Bg4 Ng3 26. Rhc1 Bh5 27. Nd4 Rc5 28. b4 Rxc3 29. Rxc3 Rxc3 30. Kxc3 Bxg4 31. hxg4 Nf1 32. Nc2 g5 33. fxg5 Kg7 34. a4 Kg6 35. a5 Kxg5 36. Nd4 Ne3 37. Kd2 Nxg2 38. Ke2 Kxg4 39. Kf2 h3 40. Kg1 bxa5 41. bxa5 Nf4 42. Kh2 Nxd3 43. Nb5 Nxe5 44. Nd6 Nf3+ 45. Kh1 d4 46. Nxf7 d3 47. a6 bxa6 48. Ne5+ Nxe5 49. Kh2 d2 50. Kg1 Kf3 0-1

[Event "December 12 Late 2023"]
[Site "https://www.chess.com"]
[Date "2023.12.12"]
[Round "4"]
[White "Haszon, David"]
[Black "Brown, Raehanna"]
[Result "1-0"]
[Board "146"]
[TimeControl "180+1"]
[WhiteFideId "733610"]
[BlackFideId "7402740"]
[WhiteElo "2381"]
[BlackElo "2166"]
[WhiteTeam "HUN"]
[BlackTeam "JAM"]
[WhiteClock "0:01:18"]
[BlackClock "0:00:00"]

1. d4 Nf6 2. Bf4 d5 3. e3 e6 4. Nf3 Bd6 5. Nbd2 Bxf4 6. exf4 b6 7. c3 Bb7 8. g3 Nbd7 9. Bg2 O-O 10. O-O c5 11. Re1 cxd4 12. Nxd4 Nc5 13. f5 exf5 14. Nxf5 Nd3 15. Re3 Nxb2 16. Qc2 d4 17. Bxb7 dxe3 18. Nxe3 Rb8 19. Bg2 Nd3 20. Ne4 Ne5 21. Rd1 Qe7 22. Nf5 Qe6 23. Nd4 Qe7 24. f4 Nxe4 25. Bxe4 Ng6 26. Kg2 Qc5 27. h4 Rbc8 28. Rd3 Rfd8 29. Qe2 Qc4 30. h5 Nf8 31. h6 g6 32. Qf3 f5 33. Bb7 Rc7 34. Re3 a5 35. g4 fxg4 36. Qe4 Rb8 37. Bd5+ 1-0

[Event "December 12 Late 2023"]
[Site "https://www.chess.com"]
[Date "2023.12.12"]
[Round "4"]
[White "Manfroi, Alexander Giannini"]
[Black "Kostiukov, Alexandr"]
[Result "1-0"]
[Board "147"]
[TimeControl "180+1"]
[WhiteFideId "22739335"]
[BlackFideId "14108100"]
[WhiteElo "2192"]
[BlackElo "2376"]
[WhiteTeam "BRA"]
[BlackTeam "UKR"]
[WhiteClock "0:00:24"]
[BlackClock "0:01:42"]

1. d4 g6 2. Bf4 Bg7 3. Nc3 d6 4. e4 e5 5. dxe5 dxe5 6. Qxd8+ Kxd8 7. O-O-O+ Nd7 8. Bg3 f6 9. f4 exf4 10. Bxf4 Bh6 11. g3 c6 12. Nf3 Ke7 13. Bc4 Ne5 14. Bxg8 Bxf4+ 15. gxf4 Nxf3 16. Bb3 Be6 17. Bxe6 Kxe6 18. Rd3 Nh4 19. Rh3 g5 20. Ne2 h6 21. Nd4+ Ke7 22. f5 Rad8 23. Ne6 Rd6 24. Rg1 Kf7 25. Rxh4 gxh4 26. Rg7+ Ke8 27. Rxb7 Rxe6 28. fxe6 Rf8 29. Rxa7 f5 30. Ra8+ Ke7 31. Rxf8 1-0